AoeStats
← KND

Nomad

507859027Analyzed
4v4 RM · 12d ago on Sep 20, 2026· 25m 34s· 8 players
Game mode
Random Map
Map size
231×231
Population
200
Speed
Normal
Resources
Standard
Victory
Conquest
Starting age
Dark Age
Ending age
Imperial Age
RankedLock teamsTeams togetherTeam positionsShared explorationLock speedFull tech treeHidden civsTurbo modeCheats
Victory
Defeat
🇧🇷 Persians · Brazil
1503
+12
🇲🇽 Wu · Mexico
1497
+12
🇨🇱 Cumans · Chile
1456
+14
🇨🇱 Japanese · Chile
1349
+19
🇺🇸 Sicilians · United States
1466
-16
🇺🇸 Jurchens · United States
1440
-15
🇲🇽 Wei · Mexico
1371
-13
🇺🇸 Koreans · United States
1371
-13
johnnyboy
4:20 Loom
13:24 Feudal Age
14:55 Town Watch
18:55 Castle Age
17:17 Double-Bit Axe
17:27 Fishing Lines
18:01 Stone Mining
20:05 Fletching
21:30 Wheelbarrow
22:06 Bodkin Arrow
treehugger
4:14 Loom
4:40 Loom
15:04 Feudal Age
19:18 Castle Age
17:43 Gold Mining
18:16 Double-Bit Axe
19:32 Fishing Lines
20:00 Fletching
21:47 Bow Saw
El Senador
9:44 Loom
13:00 Feudal Age
13:59 Double-Bit Axe
19:39 Stone Mining
El Cacas Vengador
5:45 Loom
15:06 Feudal Age
15:41 Double-Bit Axe
19:09 Man-at-Arms
VL GALLO FINO
5:05 Loom
12:13 Feudal Age
15:32 Town Watch
19:09 Castle Age
17:25 Fletching
20:14 Medium Warships
20:25 Double-Bit Axe
22:32 Bow Saw
23:34 Wheelbarrow
23:35 Fishing Lines
ovejaelectrica
5:02 Loom
13:25 Feudal Age
13:28 Man-at-Arms
16:32 Town Watch
19:33 Castle Age
19:40 Forging
23:44 Iron Casting
24:00 Scale Mail Armor
Zoro
7:35 Loom
12:51 Feudal Age
15:13 Double-Bit Axe
15:36 Horse Collar
19:06 Town Watch
19:56 Wheelbarrow
KND
6:09 Loom
15:06 Feudal Age
16:38 Double-Bit Axe
18:58 Fishing Lines
21:47 Castle Age
21:21 Horse Collar
22:27 Bow Saw
22:13 Gillnets
23:13 Wheelbarrow
25:22 Hand Cart
25:38 Gold Mining
25:39 Stone Mining
Connection lost

Rejoining the realm…

Still unreachable

The connection could not be restored.

Session expired

The server has moved on; the page needs a fresh start.